 Dungeon Crawl Stone Soup version 0.32-a0-814-g0968bab981 (webtiles) character file.

Game seed: 9164273974853053317

4 croobank the Sneak (level 1, -3/18 HPs)
             Began as a Human Delver on Mar 22, 2024.
             Splashed by a jelly's acid (4 damage)
             ... on level 3 of the Dungeon.
             The game lasted 00:02:01 (255 turns).

croobank the Sneak (Human Delver)                    Turns: 255, Time: 00:02:02

Health: -3/18      AC:  3    Str: 12    XL:     1   Next: 60%
Magic:  1/1        EV: 11    Int: 10    God:
Gold:   28         SH:  0    Dex: 14    Spells: 0/0 levels left

rFire   . . .        a - +0 short sword
rCold   . . .        (no shield)
rNeg    . . .        b - +0 leather armour
rPois   .            (no helmet)
rElec   .            (no cloak)
rCorr   .            (no gloves)
SInv    .            (no boots)
Will    .....        (no amulet)
Stlth   +++          (no ring)
HPRegen 0.23/turn    (no ring)
MPRegen 0.07/turn

%: no passive effects
@: no status effects
A: explore regen
a: no special abilities


You were on level 3 of the Dungeon.
You visited 1 branch of the dungeon, and saw 4 of its levels.

You collected 28 gold pieces.

Inventory:

Hand Weapons
 a - a +0 short sword (weapon)
Armour
 b - a +0 leather armour (worn)
Wands
 g - a wand of digging (2)


   Skills:
 + Level 3.0 Fighting
 + Level 2.1 Short Blades
 + Level 2.1 Dodging
 + Level 5.0 Stealth


You couldn't memorise any spells.
You didn't know any spells.
Your spell library contained the following spells:

 Spells                   Type           Power      Damage    Failure   Level
 Ensorcelled Hibernation  Hex/Ice        0%         N/A       58%         2
 Passwall                 Erth           0%         N/A       82%         3
 Swiftness                Air            0%         N/A       82%         3


Dungeon Overview and Level Annotations

Branches:
Dungeon (6/15)
 Temple: D:4-7

Altars:

Annotations:
D:3 Terence
D:6 Grinder


Innate Abilities, Weirdness & Mutations

You regain HP and MP as you explore.


Message History

Terence hits you from afar with a +0 trident.
As you read the scroll of fear, it crumbles to dust.
You assume a fearsome visage.
Terence looks frightened!
Found an escape hatch in the floor.
There is an escape hatch in the floor here.
An adder comes into view.
A malevolent force fills the Dungeon... and a teleportation trap spontaneously manifests!
You are yanked towards a nearby monster!
Your surroundings suddenly seem different.
The adder moves out of view.
You aren't carrying any potions.
As you read the scroll labelled DOAFEPNONO, it crumbles to dust.
You hear a loud clanging noise!
It was a scroll of noise.
You hear a shout! x2
As you read the scroll of revelation, it crumbles to dust.
You feel aware of your surroundings.
You sensed 1 altar.
An adder comes into view.
A jelly comes into view.
Found 8 stones.
Found a stone staircase leading up.
Terence attacks as he pursues you! Terence completely misses you.
Terence attacks as he pursues you!
Terence hits you from afar with a +0 trident.
Terence attacks as he pursues you!
Terence hits you from afar with a +0 trident.
Aiming: Dig
Press: ? - help, Shift-Dir - straight line A rock wall.
The rock shatters into small pieces.
Terence completely misses you.
You hit the jelly.
Your hands burn!
The jelly is lightly wounded.
The jelly hits you.
You are splashed with acid.
* * * LOW HITPOINT WARNING * * *
Terence barely misses you.
You aren't carrying any potions.
You hit the jelly.
Your hands burn!
* * * LOW HITPOINT WARNING * * *
The jelly is lightly wounded.
The jelly hits you but does no damage. Terence barely misses you.
You hit the jelly.
Your hands burn!
You die...

..##.####,***#.#,*,,,*,,,,,,*
..##....######.#J##***#.********
..##....+..###.#(#.,,...,,,,,,,*
..##....##.###.#.#.*#.#***,*****
....>...##.......#...# *,*
..##....######.#.##..# *,*
####....S(.....#<...,* *,*
####.########.S##J######**,*
..............@.@.......,,,*
####.###################****
####.##############
##..........#######
##..........#######
##........<.#######
##..........#######
##..........#######
####.########


You could see Terence, a jelly and an adder.

Vanquished Creatures
  2 endoplasms (D:3)
  A ball python (D:3)
  A rat (D:3)
4 creatures vanquished.

Notes
Turn   | Place    | Note
-------+----------+-------------------------------------------
     0 | D:5      | croobank the Human Delver began the quest for the Orb.
     0 | D:5      | Reached XP level 1. HP: 18/18 MP: 1/1
    32 | D:6      | Noticed Grinder
    52 | D:6      | Paralysed by Grinder for 2 turns
   194 | D:3      | Noticed Terence
   245 | D:3      | Noticed a jelly
   255 | D:3      | Splashed by a jelly's acid

Illustrated notes

Levels and vault maps discovered:
D:3:      layout_basic, nicolae_ru_great_annihilating_truth, uniq_terence
D:4:      layout_rooms, minmay_temple_entry_statues_fountains
D:5:      layout_gridville, mainiacjoe_overflow_brackets, trog_antimagical,
          lightli_corner_chamber
D:6:      layout_basic, mainiacjoe_sewer_entry_somewhere_in_here_2,
          lemuel_flame_loot_1, uniq_grinder

Action                     || total
---------------------------++-------
  Melee: Short sword       ||     9
  Evoke: Wand              ||     1
    Use: Scroll            ||     4
         Potion            ||     1
   Stab: Sleeping          ||     3
 Armour: Leather armour    ||     6
  Dodge: Dodged            ||     9

Table legend: (Time is in decaauts)
 A = Elapsed time spent in this place.
 B = Non-inter-level travel time spent in this place.
 C = Inter-level travel time spent in this place.
 D = Time resting spent in this place.
 E = Time spent auto-exploring this place.
 F = Levels seen in this place.
 G = Mean time per level.
                   A        B        C        D        E       F      G
               +--------+--------+--------+--------+--------+-----+--------+
         Total |    235 |    235 |      0 |      0 |    110 |   4 |   58.8 |
       Dungeon |    235 |    235 |      0 |      0 |    110 |   4 |   58.8 |
               +--------+--------+--------+--------+--------+-----+--------+

Top non-repeatable levels by time:
     D:3: 144 daAuts
     D:6: 60 daAuts
     D:5: 18 daAuts
     D:4: 11 daAuts
